 Dungeon Crawl Stone Soup version 0.25-a0-424-g80bd347ae0 (webtiles) character file.

Game seed: 12770765877744953112, levelgen mode: deterministic

91 Kohma the Stinger (level 4, 0/38 HPs)
             Began as a Naga Venom Mage on Jan 23, 2020.
             Slain by a rat (2 damage)
             ... in a sewer.
             The game lasted 00:04:46 (2280 turns).

Kohma the Stinger (Naga Venom Mage)                 Turns: 2280, Time: 00:04:46

Health: 0/38       AC:  2    Str: 10    XL:     4   Next: 57%
Magic:  0/8        EV: 10    Int: 16    God:
Gold:   140        SH:  0    Dex: 12    Spells: 3/9 levels left

rFire    . . .     SeeInvis +   g - +0 short sword
rCold    . . .     Gourm    .   (no shield)
rNeg     . . .     Faith    .   a - +0 robe
rPois    +         Spirit   .   (no helmet)
rElec    .         Reflect  .   (no cloak)
rCorr    .         Harm     .   (no gloves)
MR       .....                  (no barding)
Stlth    ++........             (no amulet)
HPRegen  0.12/turn              (no ring)
MPRegen  0.11/turn              (no ring)

@: short of breath, very slow
A: large, see invisible, deformed body, poison resistance, slowness 2, slow
metabolism 1, spit poison 1, AC +1
a: Spit Poison


You were in a sewer.
You were hungry.

You visited 1 branch of the dungeon, and saw 3 of its levels.
You also visited: Sewer.

You collected 140 gold pieces.

Inventory:

Hand Weapons
 g - a +0 short sword (weapon)
Missiles
 r - 6 atropa-tipped darts (quivered)
 v - a throwing net
Armour
 a - a +0 robe (worn)
Jewellery
 t - an uncursed amulet of the acrobat {unknown}
Wands
 p - a wand of polymorph (11)
Scrolls
 b - 2 scrolls of immolation {unknown}
 d - 4 scrolls of identify {unknown}
 e - a scroll of noise {unknown}
 f - 3 scrolls of teleportation {unknown}
 k - 3 scrolls of magic mapping {unknown}
 m - 2 scrolls of amnesia {unknown}
 n - a scroll of fear {unknown}
 s - a scroll of enchant armour {unknown}
Potions
 h - a potion of brilliance {unknown}
 i - 2 potions of cancellation {unknown}
 j - a potion of degeneration {unknown}
 l - a potion of resistance {unknown}
 q - 2 potions of curing {unknown}
 u - a potion of agility {unknown}
Comestibles
 c - 3 rations
 o - 2 chunks of flesh


   Skills:
 + Level 1.4 Fighting
 - Level 1.5 Dodging
 - Level 3.0 Stealth
 * Level 3.1 Spellcasting
 - Level 1.0 Transmutations
 * Level 5.3 Poison Magic


You had 3 spell levels left.
You knew the following spells:

 Your Spells              Type           Power        Failure   Level  Hunger
a - Sting                 Tmut/Pois      ##..         4%          1    None
b - Poisonous Vapours     Pois/Air       ##....       10%         2    ##.....
c - Mephitic Cloud        Conj/Pois/Air  #.......     26%         3    ###....

Your spell library contained the following spells:

 Spells                   Type           Power        Failure   Level  Hunger
 Ignite Poison            Fire/Tmut/Pois #.......     24%         3    ###....
 Olgreb's Toxic Radiance  Pois           ###.....     21%         4    ####...


Dungeon Overview and Level Annotations

Branches:
Dungeon (3/15)              Sewer (1/1)

Altars:
Fedhas
Okawaru
Qazlal
Wu Jian


Innate Abilities, Weirdness & Mutations

You cannot wear boots.
Your serpentine skin is tough. (AC +1)
You have supernaturally acute eyesight. (SInv)
Armour fits poorly on your strangely shaped body.
Your system is resistant to poisons. (rPois)
You cover ground very slowly.
You have a slow metabolism.
You can spit poison.


Message History

Casting: Sting (safe; 4% risk of failure)
Confirm with . or Enter, or press ? or * to list all spells.
Aiming: Sting (safe; 4% risk of failure)
Press: ? - help, Shift-Dir - straight line, f - rat
Aim: a rat The sting hits the rat.
The rat is poisoned.
The rat is moderately wounded.
The rat bites you.
* * * LOW HITPOINT WARNING * * *
The rat barely misses you.
Press: ? - help, Shift-Dir - straight line, f - rat, p - rat
Aim: a rat You fail to use your ability.
The rat misses you. The rat barely misses you.
Press: ? - help, Shift-Dir - straight line, f/p - rat
Aim: a rat The splash of poison hits the rat!
The rat looks even sicker.
You kill the rat!
You feel slightly more hungry. The rat barely misses you.
You completely miss the rat. The rat bites you.
You die... ############### ≈.....r@r∩....# ###############

You could see 2 rats.

Vanquished Creatures
  3 adders
  A river rat (Sewer)
  2 worms
  3 dart slugs
  7 orcs (D:3)
  2 bats (D:2)
  2 giant cockroaches
  2 hobgoblins
  A jackal (D:1)
  3 kobolds (D:2)
  A quokka (D:2)
  A frilled lizard (D:3)
  6 goblins
  3 rats
37 creatures vanquished.

Notes
Turn   | Place    | Note
-------+----------+-------------------------------------------
     0 | D:1      | Kohma the Naga Venom Mage began the quest for the Orb.
     0 | D:1      | Reached XP level 1. HP: 15/15 MP: 3/3
   254 | D:1      | Reached XP level 2. HP: 24/24 MP: 3/5
   258 | D:1      | Learned a level 2 spell: Poisonous Vapours
   770 | D:2      | Found an ornate altar of the Wu Jian Council.
  1044 | D:2      | Reached XP level 3. HP: 30/30 MP: 3/6
  1081 | D:2      | Found a blossoming altar of Fedhas.
  1086 | D:2      | Found an iron altar of Okawaru.
  1092 | D:2      | Found a stormy altar of Qazlal.
  1116 | D:2      | Reached skill level 1 in Fighting
  1762 | D:3      | Reached skill level 5 in Poison Magic
  1855 | D:3      | Reached XP level 4. HP: 35/38 MP: 2/8
  1865 | D:3      | Learned a level 3 spell: Mephitic Cloud
  2252 | D:3      | Found a glowing drain.
  2265 | Sewer    | Entered a sewer
  2280 | Sewer    | Slain by a rat

Levels and vault maps discovered:
D:1:      dpeg_arrival_stonehenge_8_columns, layout_loops_ring
D:2:      layout_loops_ring, minmay_overflow_temple_star_quad,
          lemuel_coloured_pillars_altar, minmay_tromino_v4_a
D:3:      layout_basic, portal_sewer_entry_d
Sewer:    sewer_kobolds

Skill      XL: |  1  2  3  4 |
---------------+-------------+-----
Fighting       | 1 |  1.4
Poison Magic   | 5 |  5.3
Spellcasting   | 3 |  3.1
Dodging        | |  1.5
Stealth        | |  3.0
Transmutations | |  1.0

Action                   |  1- 3 |  4- 6 || total
-------------------------+-------+-------++-------
Melee: Short sword       |    10 |    23 ||    33
 Cast: Sting             |    55 |    24 ||    79
       Poisonous Vapours |       |     1 ||     1
 Abil: Spit Poison       |       |     1 ||     1
  Eat: Chunk             |     2 |     1 ||     3
Armor: Robe              |     7 |     5 ||    12
Dodge: Dodged            |    14 |    22 ||    36

Table legend:
 A = Non-vault XP
 B = Vault XP
 C = Vault XP percentage of total XP
 D = Non-vault monster count
 E = Vault monster count
 F = Vault count percentage of total count
                 A         B        C        D         E       F
            +---------+---------+-------+---------+---------+-------
      Total |      94 |      36 |  27.7 |      30 |       7 |  18.9
            +---------+---------+-------+---------+---------+-------
        D:1 |      10 |       0 |   0.0 |       5 |       0 |   0.0
        D:2 |      48 |       9 |  15.8 |      11 |       4 |  26.7
        D:3 |      36 |      13 |  26.5 |      14 |       1 |   6.7
      Sewer |       0 |      14 | 100.0 |       0 |       2 | 100.0
            +---------+---------+-------+---------+---------+-------
